Map: Tours du crépuscule

Players

QWDinEURO - Winner!

  • Race: Terran Terran
  • League: Silver
  • Spawn Location: 1:00

zidar

  • Race: Zerg Zerg
  • League: Silver
  • Spawn Location: 7:00

VOD

Have the link to the VOD?

Description

Time

  • Played on: Dec. 24, 2015, 12:24 p.m.
  • Length: 4:58
Show
View Real Time Build Order
Export as new Build Order

QWDinEURO Terran - Winner!

Build Orders:  

Get SALT Encoding   

  12  0:03  SCV  
  13  0:15  SCV  
  15  0:28  SCV  
  15  0:49  Supply Depot  
  15  1:13  Barracks, SCV  
  15  1:17  Barracks  
  15  1:18  Barracks  
  16  1:26  SCV  
  17  1:38  SCV  
  18  1:41  Barracks  
  18  1:48  Supply Depot  
  18  1:50  SCV  
  19  2:02  SCV  
  19  2:05  Marine  
  19  2:06  Marine  
  19  2:07  Bunker  
  22  2:11  Marine  
  23  2:20  Bunker  
  22  2:23  Marine  
  22  2:36  Marine  
  22  2:37  Marine  
  22  2:41  Marine  
  22  2:50  Orbital Command  
  22  2:54  Marine x2  
  24  3:00  Command Center  
  24  3:02  Marine  
  25  3:12  Marine  
  22  3:20  Marine  
  23  3:41  Marine  
  21  3:49  SCV  
  21  3:52  Bunker  
  21  3:53  Supply Depot  
  21  3:55  Supply Depot  
  22  4:13  Refinery, Command Center  
  22  4:15  Refinery  
  22  4:19  Orbital Command  
  22  4:29  SCV  
  23  4:32  Marine  
  24  4:41  SCV  
Show
View Real Time Build Order
Export as new Build Order

zidar Zerg 

Build Orders: Hatch First 

Get SALT Encoding   

  12  0:01  Drone  
  13  0:12  Overlord  
  13  0:18  Drone  
  14  0:32  Drone x2  
  14  0:34  Drone  
  17  0:59  Hatchery  
  16  1:10  Spawning Pool  
  15  1:12  Drone  
  16  1:25  Extractor  
  15  1:40  Overlord  
  15  1:42  Drone  
  15  1:43  Drone  
  17  1:52  Drone  
  18  2:01  Queen  
  18  2:04  Zergling x2  
  20  2:46  Queen  
  20  2:49  Zergling x2  
  23  3:01  Zergling x4  
  23  3:57  Drone x6  
  28  4:17  Roach Warren  
  28  4:23  Extractor  
  26  4:44  Drone x9  
Tags
 
Add a new tag
Caveats
  • Supply blocks, unpowered buildings, or Contaminate may cause inaccurate times.
  • Supply counts are checked every 10 seconds.